 Dungeon Crawl Stone Soup version 0.28.0-53-g5a82cb258f (webtiles) character file.

Game seed: 16290097390533839190

12851 ILmort the Cleaver (level 11, 0/104 HPs)
             Began as a Hill Orc Fighter on Aug 25, 2022.
             Was a Believer of Uskayaw.
             Slain by a boulder beetle (21 damage)
             ... on level 11 of the Dungeon.
             The game lasted 00:46:22 (18407 turns).

ILmort the Cleaver (Hill Orc Fighter)              Turns: 18407, Time: 00:46:22

Health: 0/104      AC: 19    Str: 24    XL:     11   Next: 99%
Magic:  15/20      EV: 10    Int:  8    God:    Uskayaw [**....]
Gold:   501        SH:  5    Dex: 10    Spells: 10/10 levels left

rFire   . . .      SeeInvis .   a - +4 battleaxe
rCold   . . .      Faith    .   (shield currently unavailable)
rNeg    . . .      Spirit   .   D - +0 scale mail
rPois   .          Reflect  +   (no helmet)
rElec   .          Harm     .   l - +0 cloak
rCorr   .          Rampage  .   (no gloves)
Will    .....                   o - +1 pair of boots
Stlth   ..........              x - amulet of reflection
HPRegen 0.27/turn               t - +4 ring of protection
MPRegen 0.17/turn               H - +4 ring of protection

@: hasted, very quick
A: no striking features
a: Renounce Religion, Stomp, Line Pass


You were on level 11 of the Dungeon.
You worshipped Uskayaw.
Uskayaw was pleased with you.
You visited 2 branches of the dungeon, and saw 12 of its levels.
You also visited: Sewer.

You collected 501 gold pieces.

Inventory:

Hand Weapons
 a - a +4 battleaxe (weapon)
 b - a +3 vampiric morningstar
 m - a +1 mace of protection
 C - a +1 whip of draining
 K - a +1 war axe
Missiles
 E - a throwing net (quivered)
Armour
 c - a +0 buckler
 l - a +0 cloak (worn)
 o - a +1 pair of boots (worn)
 B - a +1 pair of boots
 D - a +0 scale mail (worn)
Jewellery
 t - a +4 ring of protection (left hand)
 x - an amulet of reflection (around neck)
 H - a +4 ring of protection (right hand)
Wands
 n - a wand of iceblast (12)
 s - a wand of digging (6)
 y - a wand of acid (6)
 F - a wand of mindburst (7)
Scrolls
 j - a scroll of brand weapon {unknown}
 k - a scroll of magic mapping
 q - 2 scrolls of vulnerability
 r - 2 scrolls of noise
 z - 2 scrolls of teleportation
 J - a scroll of immolation {unknown}
 L - a scroll of amnesia
Potions
 d - 2 potions of haste
 e - a potion of degeneration {unknown}
 f - 2 potions of cancellation
 g - a potion of berserk rage {unknown}
 h - 2 potions of brilliance
 i - 2 potions of lignification
 p - 6 potions of curing
 u - a potion of heal wounds {unknown}
 v - 2 potions of invisibility
 w - a potion of resistance {unknown}
 A - 3 potions of flight
 G - a potion of mutation {unknown}
 I - 2 potions of ambrosia


   Skills:
 * Level 11.9 Fighting
 + Level 14.6 Axes
 + Level 8.2 Armour
 - Level 3.3 Shields
 * Level 12.6 Invocations


You had 10 spell levels left.
You didn't know any spells.
Your spell library contained the following spells:

 Spells                   Type           Power      Damage    Failure   Level
 Beastly Appendage        Tmut           0%         N/A       67%         1
 Ensorcelled Hibernation  Hex/Ice        0%         N/A       80%         2
 Passwall                 Tmut/Erth      0%         N/A       80%         2
 Wereblood                Tmut           0%         N/A       80%         2
 Frozen Ramparts          Ice            0%         1d2       95%         3
 Gell's Gravitas          Tloc           0%         N/A       95%         3
 Inner Flame              Hex/Fire       0%         N/A       95%         3
 Lesser Beckoning         Tloc           0%         N/A       95%         3
 Spider Form              Tmut/Pois      0%         N/A       95%         3
 Swiftness                Air            0%         N/A       95%         3
 Teleport Other           Tloc           0%         N/A       95%         3
 Cause Fear               Hex            0%         N/A       100%        4
 Ice Form                 Ice/Tmut       0%         N/A       100%        4
 Summon Ice Beast         Ice/Summ       0%         N/A       100%        4
 Blade Hands              Tmut           0%         N/A       100%        5
 Irradiate                Conj/Tmut      0%         3d13      100%        5
 Conjure Ball Lightning   Conj/Air       0%         3x3d6     100%        6
 Dragon Form              Tmut           0%         N/A       100%        7
 Discord                  Hex            0%         N/A       100%        8
 Disjunction              Tloc           0%         N/A       100%        8


Dungeon Overview and Level Annotations

Branches:
Dungeon (11/15)            Temple (1/1) D:4            Lair (0/6) D:8
    Orc (0/2) D:10          Sewer (visited)

Altars:
Ashenzari
Cheibriados
Dithmenos
Elyvilon
Fedhas
Gozag
Hepliaklqana
Kikubaaqudgha
Makhleb
Nemelex Xobeh
Okawaru
Qazlal
Ru
Sif Muna
Trog
Uskayaw
Vehumet
Wu Jian
Xom
Yredelemnul
Zin
The Shining One
Beogh

Portals:
Trove: D:10 (give +4 demon blade)


Message History

The boulder beetle is no longer sharing its pain.
The boulder beetle bites you. You block the orc's attack.
You hit the boulder beetle. You slash the orc!
You kill the orc!
The boulder beetle waves its antennae.
The boulder beetle leaps!
You can now merge with and destroy a victim.
Items here: ))) †.
The boulder beetle bites you.
You hit the boulder beetle but do no damage.
The boulder beetle leaps!
You can no longer merge with and destroy a victim.
You hit the boulder beetle. The boulder beetle barely misses you.
You slash the boulder beetle!
The boulder beetle bites you but does no damage.
You can now merge with and destroy a victim.
You slash the boulder beetle! The boulder beetle bites you!
* * * LOW HITPOINT WARNING * * *
You stomp with the beat, sending a shockwave through the revellers around you!
You can no longer merge with and destroy a victim.
You block the boulder beetle's attack.
You stomp with the beat, sending a shockwave through the revellers around you!
Uskayaw will no longer force your foes to share their pain.
The boulder beetle leaps!
Uskayaw will force your foes to share their pain.
A boulder beetle is nearby!
A boulder beetle is nearby!
The boulder beetle curls into a ball and begins rolling!
Okay, then.
You feel yourself speed up.
Uskayaw will no longer force your foes to share their pain.
The boulder beetle hits you!
* * * LOW HITPOINT WARNING * * *
The boulder beetle stops rolling and uncurls.
You hit the boulder beetle but do no damage.
Uskayaw will no longer force your foes to helplessly watch your dance.
You completely miss the boulder beetle. You block the boulder beetle's attack.
You hit the boulder beetle but do no damage.
The boulder beetle bites you!!
You die...

#..'....##
#..##.)).#
#...#)...#
#...#))..#
#####...#..).#
#......##....#
#......#.....#
#......#..B..#
#......#...@.#
####...#####.#
#.......#.# .
##.......#.# .#
#..........+.#..#
#..........###..#
#...............#
#...............#
#.>.............#


You could see a boulder beetle.

Vanquished Creatures
  2 two-headed ogres
  Maggie (D:8)
  3 trolls
  2 hornets
  A wolf spider simulacrum (D:9)
  Grinder (Sewer)
  Sigmund (D:5)
  A vampire (D:11)
  18 yaks
  A wyvern (D:9)
  3 steam dragons
  An acid dragon (D:8)
  3 water moccasins
  2 sky beasts
  8 orc warriors
  A black bear (D:6)
  3 necrophages
  3 wolves (D:8)
  3 ogres
  3 centaurs
  A kobold brigand (Sewer)
  3 bullfrogs
  A gnoll sergeant (D:9)
  2 scorpions
  25 wights
  3 electric eels (D:8)
  4 centaur zombies
  3 hounds (D:8)
  2 quasits (Sewer)
  2 jellies (D:6)
  A bullfrog skeleton (D:4)
  2 centaur skeletons
  2 gnoll shamans
  10 orc priests
  Crazy Yiuf (D:2)
  14 orc wizards
  6 iguanas
  2 killer bee zombies
  A hound skeleton (D:2)
  A howler monkey zombie (D:5)
  20 gnolls
  A howler monkey skeleton (D:4)
  2 adders
  2 shadow imps (Sewer)
  4 white imps
  6 ufetubi
  An adder zombie (D:5)
  2 worms
  4 dart slugs
  60 orcs
  3 endoplasms
  8 giant cockroaches
  6 goblins
  6 hobgoblins
  4 jackals (D:1)
  25 kobolds
  3 quokkas
  10 ball pythons
  A bat (D:3)
  5 frilled lizards
  A giant cockroach zombie (Sewer)
  8 rats
329 creatures vanquished.

Vanquished Creatures (others)
  A kobold brigand (D:8)
  A gnoll (D:9)
  A giant cockroach (Sewer)
  9 withered plants (D:3)
12 creatures vanquished.

Grand Total: 341 creatures vanquished

Notes
Turn   | Place    | Note
-------+----------+-------------------------------------------
     0 | D:1      | ILmort the Hill Orc Fighter began the quest for the Orb.
     0 | D:1      | Reached XP level 1. HP: 19/19 MP: 1/1
   240 | D:1      | Reached skill level 3 in Axes
   242 | D:1      | Reached XP level 2. HP: 19/27 MP: 2/2
   786 | D:1      | Reached XP level 3. HP: 19/33 MP: 3/3
   920 | D:1      | Reached skill level 4 in Axes
  1685 | D:2      | Reached XP level 4. HP: 40/41 MP: 4/4
  1781 | D:2      | Reached skill level 5 in Axes
  2384 | D:2      | Found a runed translucent door.
  2385 | D:2      | Noticed Crazy Yiuf
  2393 | D:2      | Killed Crazy Yiuf
  2394 | D:2      | Reached XP level 5. HP: 31/47 MP: 5/5
  2561 | D:3      | Reached skill level 5 in Fighting
  2561 | D:3      | Reached skill level 6 in Axes
  2606 | D:3      | Found an ancient bone altar of Kikubaaqudgha.
  3378 | D:3      | Reached XP level 6. HP: 56/56 MP: 6/6
  3763 | D:3      | Reached skill level 7 in Axes
  4252 | D:4      | Found a glowing drain.
  4262 | Sewer    | Entered a sewer
  4503 | Sewer    | Reached XP level 7. HP: 49/63 MP: 7/7
  4581 | Sewer    | Reached skill level 8 in Axes
  4586 | Sewer    | Noticed Grinder
  4737 | Sewer    | Paralysed by Grinder for 4 turns
  4744 | Sewer    | Paralysed by Grinder for 7 turns
  4762 | Sewer    | Killed Grinder
  4763 | Sewer    | Reached skill level 9 in Axes
  5007 | Sewer    | Found a burning altar of Makhleb.
  5616 | D:4      | Found a staircase to the Ecumenical Temple.
  5626 | Temple   | Entered the Ecumenical Temple
  6202 | D:4      | Found a hide-covered altar of Uskayaw.
  6211 | D:4      | Became a worshipper of Uskayaw the Reveller
  6311 | D:5      | Entered Level 5 of the Dungeon
  6375 | D:5      | Reached * piety under Uskayaw
  6406 | D:5      | Reached ** piety under Uskayaw
  6408 | D:5      | Reached *** piety under Uskayaw
  6409 | D:5      | Reached skill level 1 in Invocations
  6409 | D:5      | Reached XP level 8. HP: 71/71 MP: 8/8
  6526 | D:5      | Noticed Sigmund
  6531 | D:5      | Killed Sigmund
  6532 | D:5      | Reached skill level 10 in Axes
  7926 | D:5      | Reached skill level 5 in Invocations
  7926 | D:5      | Reached XP level 9. HP: 80/80 MP: 12/12
  8265 | D:6      | Reached skill level 11 in Axes
  8780 | D:6      | Reached skill level 5 in Armour
  9145 | D:6      | Reached **** piety under Uskayaw
  9152 | D:6      | Reached ***** piety under Uskayaw
  9877 | D:6      | Reached skill level 12 in Axes
 10248 | D:6      | Found an ornate altar of the Wu Jian Council.
 10913 | D:7      | Reached XP level 10. HP: 75/90 MP: 16/16
 11765 | D:7      | Found a basalt altar of Yredelemnul.
 11773 | D:7      | Found a shimmering altar of Xom.
 11775 | D:7      | Found an iron altar of Okawaru.
 12295 | D:8      | Noticed Maggie
 12318 | D:8      | Killed Maggie
 12319 | D:8      | Reached skill level 13 in Axes
 12618 | D:8      | Found a staircase to the Lair.
 14177 | D:8      | Paralysed by a hornet for 2 turns
 14192 | D:8      | Reached skill level 10 in Invocations
 14992 | D:9      | Reached XP level 11. HP: 78/99 MP: 18/18
 15235 | D:9      | Reached skill level 10 in Fighting
 15244 | D:9      | Reached skill level 14 in Axes
 15658 | D:9      | Found an opulent altar of Gozag.
 15784 | D:9      | Found a sparkling altar of Nemelex Xobeh.
 16512 | D:9      | Found a snail-covered altar of Cheibriados.
 16591 | D:9      | Found a hazy altar of Hepliaklqana.
 16681 | D:10     | Entered Level 10 of the Dungeon
 17207 | D:10     | Noticed a two-headed ogre
 17226 | D:10     | Killed a two-headed ogre
 17245 | D:10     | Found a staircase to the Orcish Mines.
 17373 | D:10     | Found a portal to a secret trove of treasure.
 17840 | D:10     | Found a roughly hewn altar of Beogh.
 18367 | D:11     | Noticed a two-headed ogre
 18377 | D:11     | Noticed a boulder beetle
 18379 | D:11     | Killed a two-headed ogre
 18407 | D:11     | Slain by a boulder beetle

Illustrated notes

Levels and vault maps discovered:
D:1:      minmay_arrival_shattered_statue, layout_basic, minmay_pentomino_v4
D:2:      layout_basic, uniq_crazy_yiuf_cottage
D:3:      layout_loops_ring, kiku_gazebo_garden_becter, minmay_ruptured
D:4:      layout_cave_pools, mainiacjoe_overflow_surrounded_room,
          minmay_temple_entry_mini_moons, portal_sewer_entry_a,
          amcnicky_mini_corridor_feature
D:5:      layout_basic, guppyfry_early_orc_mine, uniq_grinder, uniq_sigmund
D:6:      layout_layer_cave, nzn_wu_jian_council_hall, minmay_door_square
D:7:      layout_loops_ring, grunt_temple_overflow_open
D:8:      layout_loops_ring, erik_lair_island, minmay_misc_feat_more_columns,
          uniq_maggie
D:9:      layout_stronghold, grunt_gozag_breadcrumbs,
          worldfamousw_hep_ancestral_shrine, slow_altar_2, lemuel_doored_altar
D:10:     layout_small_grid, minmay_orc_entry_temple_small,
          nicolae_trove_entry_isolated
D:11:     layout_irregular_city
Temple:   minmay_temple_forest_path

Skill      XL: |  1  2  3  4  5  6  7  8  9 10 11 |
---------------+----------------------------------+-----
Axes           | 3 4 5 6 7 9 10 12 13 14 | 14.6
Fighting       | 4 5 6 7 8 9 11 | 11.9
Invocations    | 1 5 8 10 12 | 12.6
Armour         | 4 5 7 8 |  8.2
Shields        | |  3.3

Action                   |  1- 3 |  4- 6 |  7- 9 | 10-12 || total
-------------------------+-------+-------+-------+-------++-------
Melee: War axe           |    65 |   227 |   361 |   447 ||  1100
       Battleaxe         |       |       |       |    41 ||    41
Invok: Stomp             |       |       |     8 |    10 ||    18
       Line Pass         |       |       |     1 |       ||     1
  Use: Potion            |       |     1 |     3 |     2 ||     6
       Scroll            |       |     1 |     9 |     4 ||    14
 Stab: Confused          |       |       |     1 |       ||     1
       Paralysed         |       |       |     5 |    41 ||    46
Armor: Scale mail        |    25 |   139 |   180 |   179 ||   523
Dodge: Dodged            |    33 |   125 |   139 |   159 ||   456
Block: Buckler           |    19 |    65 |   128 |   179 ||   391
       Reflection        |       |       |     3 |     5 ||     8
       Other             |       |       |       |    11 ||    11
